 Dungeon Crawl Stone Soup version 0.26-a0-639-g72c4674329 (webtiles) character file.

Game seed: 6756218126154300838

200 DogServant the Skirmisher (level 5, 0/35 HPs)
             Began as a Gargoyle Fighter on Sept 15, 2020.
             Slain by an ogre
             ... wielding a +0 giant club
              (12 damage)
             ... on level 4 of the Dungeon.
             The game lasted 00:03:34 (2744 turns).

DogServant the Skirmisher (Gargoyle Fighter)        Turns: 2744, Time: 00:03:35

Health: 0/35       AC: 10    Str: 21    XL:     5   Next: 79%
Magic:  5/5        EV:  7    Int:  8    God:
Gold:   179        SH:  9    Dex:  9    Spells: 4/4 levels left

rFire    . . .     SeeInvis .   s - +2 whip (venom)
rCold    . . .     Faith    .   c - +0 kite shield
rNeg     + . .     Spirit   .   b - +0 scale mail
rPois    ∞         Reflect  .   (no helmet)
rElec    +         Harm     .   (no cloak)
rCorr    .         Rampage  .   (no gloves)
MR       .....                  (no boots)
Stlth    ..........             (no amulet)
HPRegen  0.11/turn              (no ring)
MPRegen  0.09/turn              (no ring)

@: no status effects
A: negative energy resistance 1, electricity resistance, unbreathing,
petrification resistance, rot immunity, AC +4
a: no special abilities


You were on level 4 of the Dungeon.
You visited 1 branch of the dungeon, and saw 4 of its levels.

You collected 179 gold pieces.

Inventory:

Hand Weapons
 o - a +2 antimagic whip
 s - a +2 whip of venom (weapon)
Armour
 b - a +0 scale mail (worn)
 c - a +0 kite shield (worn)
Jewellery
 p - a +6 ring of strength {unknown}
Scrolls
 a - 2 scrolls of magic mapping {unknown}
 h - 2 scrolls of enchant weapon {unknown}
 i - 5 scrolls of remove curse {unknown}
 j - 8 scrolls of identify {unknown}
 k - 4 scrolls of teleportation {unknown}
 l - a scroll of random uselessness {unknown}
 r - a scroll of noise {unknown}
 t - a scroll of enchant armour {unknown}
Potions
 d - 2 potions of might
 e - a potion of berserk rage {unknown}
 f - a potion of mutation {unknown}
 g - a potion of invisibility {unknown}
 m - 4 potions of curing {unknown}
 n - a potion of haste {unknown}
 q - a potion of lignification {unknown}
 u - a potion of resistance {unknown}
 v - a potion of magic {unknown}


   Skills:
 + Level 5.2 Fighting
 + Level 4.1 Maces & Flails
 - Level 3.5 Armour
 - Level 3.4 Shields


You had 4 spell levels left.
You didn't know any spells.
Your spell library was empty.

Dungeon Overview and Level Annotations

Branches:
Dungeon (4/15)
 Temple: D:4-7

Altars:

Shops:
D:4 (


Innate Abilities, Weirdness & Mutations

You are resistant to torment.
Your stone body is resilient. (AC +4)
You are immune to poison.
You resist negative energy. (rN+)
You are resistant to electric shocks. (rElec)
You can survive without breathing.
You are immune to petrification.
You are immune to rotting.


Message History

You block the adder's attack.
You hit the adder.
The adder looks as sick as possible!
The adder is severely wounded.
The adder bites you but does no damage.
The ogre hits you with a +0 giant club!!
Ouch! That really hurt!
You are too injured to fight recklessly!
You are too injured to fight recklessly!
You are too injured to fight recklessly!
You are too injured to fight recklessly!
There are monsters nearby!
There are monsters nearby!
Unknown command.
The adder bites you but does no damage. The adder bites you.
You kill the adder!
You hit the ogre.
The ogre is poisoned.
The ogre is moderately wounded.
The ogre hits you with a +0 giant club!
You die...

#. ##.# #.. ...
... .. #.# #.# #.#
#..# ##!## #.#
#..###..$###.#
#..##.....##.#
#.........aO@#
#####.###.....####
.<.##.# ##...##
##.##.#####.##
##..........#
##....#######
##.#### ##.# ...#


You could see an ogre (very poisoned) and a worker ant.

Vanquished Creatures
  Natasha (twice) (D:2)
  6 adders
  An ufetubus (D:4)
  A worm (D:2)
  2 dart slugs
  A leopard gecko (D:4)
  8 orcs (D:3)
  6 giant cockroaches
  10 goblins
  8 hobgoblins
  3 jackals (D:3)
  2 quokkas (D:2)
  A ball python (D:1)
  9 bats
  5 frilled lizards
  8 kobolds
  6 rats
79 creatures vanquished.

Notes
Turn   | Place    | Note
-------+----------+-------------------------------------------
     0 | D:1      | DogServant the Gargoyle Fighter began the quest for the
                  | Orb.
     0 | D:1      | Reached XP level 1. HP: 14/14 MP: 1/1
   293 | D:1      | Reached XP level 2. HP: 17/19 MP: 2/2
   484 | D:1      | Reached XP level 3. HP: 24/24 MP: 3/3
   976 | D:2      | Reached skill level 4 in Fighting
  1290 | D:2      | Reached XP level 4. HP: 21/29 MP: 1/4
  1547 | D:2      | Noticed Natasha
  1558 | D:2      | Killed Natasha
  1609 | D:2      | Noticed Natasha
  1617 | D:2      | Killed Natasha
  1617 | D:2      | Reached XP level 5. HP: 34/34 MP: 1/5
  2017 | D:3      | Reached skill level 5 in Fighting
  2575 | D:4      | Found Temophev's Antique Weapon Emporium.
  2732 | D:4      | Noticed an ogre
  2744 | D:4      | Slain by an ogre

Illustrated notes

Levels and vault maps discovered:
D:1:      eino_arrival_cavern_e, layout_loops_ring
D:2:      layout_basic, uniq_natasha
D:3:      layout_basic
D:4:      layout_loops_ring, gammafunk_ghost_stat_death, serial_shops,
          nicolae_shop_crystal, minmay_misc_feat_five

Skill      XL: |  1  2  3  4  5 |
---------------+----------------+-----
Fighting       | 4 5 |  5.2
Maces & Flails | 3 4 |  4.1
Armour         | |  3.5
Shields        | |  3.4

Action                   |  1- 3 |  4- 6 || total
-------------------------+-------+-------++-------
Melee: Flail             |    91 |       ||    91
       Whip              |    33 |   143 ||   176
Armor: Scale mail        |    65 |    80 ||   145
Dodge: Dodged            |    37 |    57 ||    94
Block: Kite shield       |    84 |    77 ||   161

Table legend: (Time is in decaauts)
 A = Elapsed time spent in this place.
 B = Non-inter-level travel time spent in this place.
 C = Inter-level travel time spent in this place.
 D = Time resting spent in this place.
 E = Time spent auto-exploring this place.
 F = Levels seen in this place.
 G = Mean time per level.
                   A        B        C        D        E       F      G
               +--------+--------+--------+--------+--------+-----+--------+
         Total |   2773 |   2701 |     72 |      0 |   2181 |   4 |  693.2 |
       Dungeon |   2773 |   2701 |     72 |      0 |   2181 |   4 |  693.2 |
               +--------+--------+--------+--------+--------+-----+--------+

Top non-repeatable levels by time:
     D:1: 941 daAuts
     D:2: 826 daAuts
     D:3: 817 daAuts
     D:4: 187 daAuts
